 Dungeon Crawl Stone Soup version 0.22-a0-414-gacd343e (webtiles) character file.

72 Kairos the Chopper (level 4, -3/33 HPs)
             Began as a Demonspawn Gladiator on May 13, 2018.
             Slain by a gnoll
             ... wielding a +0 spear
              (4 damage)
             ... on level 2 of the Dungeon.
             The game lasted 00:01:25 (1074 turns).

Kairos the Chopper (Demonspawn Gladiator)           Turns: 1074, Time: 00:01:26

Health: -3/33      AC:  3    Str: 15    XL:     4   Next: 6%
Magic:  0/4        EV: 13    Int:  9    God:
Gold:   27         SH:  0    Dex: 15    Spells: 3/3 levels left

rFire    . . .     SeeInvis .   a - +0 war axe
rCold    . . .     Gourm    .   (no shield)
rNeg     . . .     Faith    .   b - +0 leather armour
rPois    .         Spirit   +   (helmet restricted)
rElec    .         Reflect  .   (no cloak)
rCorr    .         Harm     .   (no gloves)
MR       .....                  (no boots)
Stlth    +.........             (no amulet)
HPRegen  0.11/turn              (no ring)
MPRegen  0.09/turn              (no ring)

@: no status effects
A: antennae 1, magic shield
a: no special abilities


You were on level 2 of the Dungeon.
You were hungry.

You visited 1 branch of the dungeon, and saw 2 of its levels.

You collected 27 gold pieces.

Inventory:

Hand Weapons
 a - a +0 war axe (weapon)
Missiles
 d - 3 throwing nets (quivered)
Armour
 b - a +0 leather armour (worn)
 c - a +0 helmet
Scrolls
 e - 3 scrolls of identify {unknown}
 h - a scroll of blinking {unknown}
Potions
 g - a potion of degeneration {unknown}
 i - a potion of haste {unknown}
Comestibles
 f - a ration


   Skills:
 + Level 2.3 Fighting
 + Level 3.6 Axes
 + Level 1.9 Throwing
 + Level 0.9 Armour
 + Level 3.3 Dodging
 + Level 0.1 Stealth


You had 3 spell levels left.
You didn't know any spells.
Your spell library was empty.

Dungeon Overview and Level Annotations

Branches:
Dungeon (2/15)

Altars:


Innate Abilities, Weirdness & Mutations

You have a pair of small antennae on your head.
When hurt, damage is shared between your health and your magic reserves.


Message History

You slash the gnoll!
You kill the gnoll!
You have reached level 4!
You feel agile.
Your demonic ancestry asserts itself...
A pair of antennae grows on your head!
Your +0 helmet falls away!
The gnoll hits you from afar with a spear.
The gnoll hits you with a flail.
* * * LOW HITPOINT WARNING * * *
A rat comes into view.
You closely miss the gnoll.
The gnoll is lightly wounded.
The gnoll barely misses you.
The rat moves out of view.
The gnoll hits you with a flail!
* * * LOW HITPOINT WARNING * * *
Unknown command.
You closely miss the gnoll.
The gnoll is lightly wounded.
The gnoll hits you from afar with a spear.
You die...

. #. .# ..#.#
######.#####
....##...........
.....<....).####
...#...........#
#...##..###.#
#?.g##..#
#.g.....#
#..##.@##...#
#.....<.....#
#.###.###......
#.# .#### ... #
.... ...! .....
#####.


You could see 2 gnolls.

Vanquished Creatures
  2 gnolls (D:2)
  2 adder zombies (D:1)
  3 leopard geckos (D:1)
  2 ball pythons (D:1)
  3 bats (D:1)
  3 giant cockroaches (D:1)
  3 goblins
  7 hobgoblins (D:1)
  3 jackals (D:1)
  8 kobolds (D:1)
  A frilled lizard (D:1)
  4 rats (D:1)
41 creatures vanquished.

Notes
Turn   | Place    | Note
-------+----------+-------------------------------------------
     0 | D:1      | Kairos the Demonspawn Gladiator began the quest for the Orb.
     0 | D:1      | Reached XP level 1. HP: 16/16 MP: 1/1
    37 | D:1      | Gained mutation: When hurt, damage is shared between your health and your magic reserves. [demonic ancestry]
    37 | D:1      | Reached XP level 2. HP: 16/22 MP: 2/2
   321 | D:1      | Reached XP level 3. HP: 18/27 MP: 1/3
  1072 | D:2      | Gained mutation: You have a pair of small antennae on your head. [demonic ancestry]
  1072 | D:2      | Reached XP level 4. HP: 11/33 MP: 1/4
  1073 | D:2      | HP: 1/33 [gnoll/flail (7)]
  1074 | D:2      | Slain by a gnoll

Vault maps used:
D:1:      saegor_arrival_fortress, minmay_tetromino_t4

Skill      XL: |  1  2 |
---------------+-------+-----
Axes           | 3 |  3.6
Dodging        | 3 |  3.3
Fighting       | |  2.3
Throwing       | |  1.9
Armour         | |  0.9
Stealth        | |  0.1

Action                   |  1- 3 |  4- 6 || total
-------------------------+-------+-------++-------
Melee: War axe           |   121 |     2 ||   123
 Stab: Sleeping          |     1 |       ||     1
Armor: Leather armour    |    36 |       ||    36
Dodge: Dodged            |    90 |     1 ||    91

Table legend:
 A = Spawn XP
 B = Non-spawn XP
 C = Spawn XP percentage of total XP
 D = Spawn monster count
 E = Non-spawn monster count
 F = Spawn count percentage of total count
 G = Total turns spent on level
                    A         B        C        D         E        F      G
               +---------+---------+-------+---------+---------+-------+---------
         Total |       0 |     103 |   0.0 |       0 |      41 |   0.0 |  1074
               +---------+---------+-------+---------+---------+-------+---------
           D:1 |       0 |      74 |   0.0 |       0 |      38 |   0.0 |  1050
           D:2 |       0 |      29 |   0.0 |       0 |       3 |   0.0 |    24
               +---------+---------+-------+---------+---------+-------+---------
